[ AOE2 MATCH · #478134735 ]
UnrankedHuns vs Wei
[ REPLAY ANALYSIS · EXTRACTED FROM THE RECORDED GAME ]
Feudal
13:21
Castle
27:34
Imperial
—
| APM avg | 29.2 |
| APM peak | 61 |
| eAPM avg | 12.7 |
| Villagers / military | 58 / 13 |
Focus
⚔️ 30.8% · 🌾 69.2%
Scout Cavalry ×9 · Spearman ×4
Feudal
13:31
Castle
17:45
Imperial
38:30
| APM avg | 47.3 |
| APM peak | 105 |
| eAPM avg | 21.1 |
| Villagers / military | 155 / 100 |
Focus
⚔️ 30.4% · 🌾 69.6%
Camel Archer ×92 · Trebuchet (Packed) ×8
Feudal
13:11
Castle
16:58
Imperial
—
| APM avg | 40.9 |
| APM peak | 85 |
| eAPM avg | 14.5 |
| Villagers / military | 115 / 5 |
Focus
⚔️ 27.8% · 🌾 72.2%
Unknown (1952) ×26 · Unknown (1944) ×3 · Archer ×2 · Mangonel ×2 · Spearman ×1
Feudal
14:03
Castle
17:59
Imperial
—
| APM avg | 56.8 |
| APM peak | 105 |
| eAPM avg | 28.1 |
| Villagers / military | 179 / 55 |
Focus
⚔️ 45.1% · 🌾 54.9%
Cavalry Archer ×50 · Archer ×4 · Militia ×1
Feudal
13:04
Castle
39:26
Imperial
—
| APM avg | 50.1 |
| APM peak | 142 |
| eAPM avg | 27.0 |
| Villagers / military | 89 / 40 |
Focus
⚔️ 38.9% · 🌾 61.1%
Scout Cavalry ×40
Feudal
12:31
Castle
33:02
Imperial
—
| APM avg | 43.4 |
| APM peak | 88 |
| eAPM avg | 23.0 |
| Villagers / military | 160 / 33 |
Focus
⚔️ 31.2% · 🌾 68.8%
Archer ×22 · Spearman ×11
Feudal
13:07
Castle
18:53
Imperial
32:16
| APM avg | 36.0 |
| APM peak | 69 |
| eAPM avg | 20.4 |
| Villagers / military | 143 / 86 |
Focus
⚔️ 31.7% · 🌾 68.3%
Knight ×77 · Fishing Ship ×15 · Trebuchet (Packed) ×5 · Scorpion ×2 · Monk ×1 · Battering Ram ×1
Feudal
15:00
Castle
19:01
Imperial
37:05
| APM avg | 38.5 |
| APM peak | 67 |
| eAPM avg | 21.4 |
| Villagers / military | 147 / 192 |
Focus
⚔️ 32.3% · 🌾 67.7%
Plumed Archer ×123 · Spearman ×61 · Fishing Ship ×17 · Eagle Scout ×5 · Mangonel ×2 · Battering Ram ×1
Match map
Initial resources + every placement click. Lines = walls · curves = elevation contours. ◆ gold · ⬟ stone · ● berries · ✦ relic · ◌ wall gap
Your base· Open — 2t gap
HKC's base· Open — 5t gap
KanSu's base· Open — 6t gap
花果山水簾洞美猴王齊天大聖孫悟空's base· Open — 9t gap
嗚's base· Open — unwalled flank
P0rr1dg3's base· Open — 6t gap
[SotC] Astronomical's base· Open — 12t gap
歪歪's base· Open — unwalled flank
Smoothed initial terrain · ◌ = detected wall gap · hover for details
Inputs per minute
— BomBomB1 - - HKC
Build order — BomBomB1
101 actions detected in the replay
| 0:11 | Build | Town Center |
| 2:26 | Create | Villager (Male) ×4 |
| 3:35 | Create | Villager (Male) |
| 4:12 | Create | Villager (Male) |
| 4:13 | Create | Villager (Male) |
| 4:34 | Build | Lumber Camp |
| 4:40 | Create | Villager (Male) |
| 4:40 | Create | Villager (Male) |
| 5:19 | Research | Loom |
| 5:44 | Create | Villager (Male) |
| 5:44 | Create | Villager (Male) |
| 6:13 | Create | Villager (Male) |
| 6:50 | Create | Villager (Male) |
| 7:05 | Create | Villager (Male) |
| 7:38 | Create | Villager (Male) |
| 8:00 | Create | Villager (Male) |
| 8:01 | Create | Villager (Male) |
| 8:01 | Create | Villager (Male) |
| 8:40 | Create | Villager (Male) |
| 8:40 | Create | Villager (Male) |
| 9:17 | Create | Villager (Male) |
| 9:17 | Create | Villager (Male) |
| 9:44 | Create | Villager (Male) |
| 10:37 | Build | Mill |
| 10:44 | Create | Villager (Male) |
| 11:10 | Research | Feudal Age |
| 11:54 | Build | Barracks |
| 13:21 | Age | Feudal Age |
| 13:26 | Create | Villager (Male) |
| 13:26 | Create | Villager (Male) |
| 13:29 | Build | Stable |
| 14:25 | Create | Villager (Male) |
| 14:25 | Create | Villager (Male) |
| 14:45 | Build | Mining Camp |
| 14:50 | Build | Palisade Wall |
| 14:50 | Create | Scout Cavalry |
| 14:50 | Create | Scout Cavalry |
| 14:51 | Create | Spearman |
| 14:51 | Create | Spearman |
| 14:51 | Create | Spearman |
| 14:56 | Build | Palisade Wall |
| 15:07 | Build | Palisade Wall |
| 15:18 | Create | Scout Cavalry |
| 15:20 | Build | Watch Tower |
| 15:29 | Create | Scout Cavalry |
| 15:47 | Create | Villager (Male) |
| 15:49 | Create | Villager (Male) |
| 16:26 | Research | Double-Bit Axe |
| 16:27 | Research | Double-Bit Axe |
| 16:28 | Create | Villager (Male) |
| 16:40 | Create | Scout Cavalry |
| 16:40 | Create | Scout Cavalry |
| 16:58 | Create | Scout Cavalry |
| 16:59 | Create | Scout Cavalry |
| 17:42 | Create | Scout Cavalry |
| 17:45 | Create | Villager (Male) |
| 19:13 | Create | Villager (Male) |
| 19:13 | Create | Villager (Male) |
| 19:54 | Create | Villager (Male) |
| 19:54 | Create | Villager (Male) |
| 19:59 | Build | Market |
| 20:26 | Build | Mining Camp |
| 20:35 | Create | Villager (Male) |
| 20:35 | Create | Villager (Male) |
| 20:45 | Build | Mill |
| 21:55 | Research | Horse Collar |
| 22:18 | Build | Mining Camp |
| 22:44 | Build | Blacksmith |
| 23:12 | Research | Town Watch |
| 23:26 | Create | Spearman |
| 24:54 | Research | Castle Age |
| 27:34 | Age | Castle Age |
| 28:20 | Build | Castle |
| 30:21 | Build | Lumber Camp |
| 30:55 | Research | Wheelbarrow |
| 32:05 | Build | Town Center |
| 33:02 | Create | Villager (Male) |
| 33:02 | Create | Villager (Male) |
| 33:42 | Build | Mining Camp |
| 34:29 | Create | Villager (Male) |
| 34:29 | Create | Villager (Male) |
| 35:26 | Create | Villager (Male) |
| 35:26 | Create | Villager (Male) |
| 35:26 | Create | Villager (Male) |
| 36:57 | Create | Villager (Male) |
| 36:57 | Create | Villager (Male) |
| 39:17 | Create | Villager (Male) |
| 39:17 | Create | Villager (Male) |
| 40:08 | Build | Lumber Camp |
| 40:18 | Build | Farm |
| 40:25 | Build | Farm |
| 41:24 | Create | Villager (Male) |
| 41:25 | Create | Villager (Male) |
| 42:03 | Create | Villager (Male) |
| 42:04 | Create | Villager (Male) |
| 42:04 | Create | Villager (Male) |
| 42:17 | Create | Villager (Male) |
| 44:26 | Create | Villager (Male) |
| 44:26 | Create | Villager (Male) |
| 44:45 | Build | Siege Workshop |
| 44:54 | Create | Villager (Male) |
Build order — HKC
First 150 of 377 actions detected
| 0:23 | Build | Town Center |
| 0:36 | Build | Town Center |
| 1:57 | Build | House |
| 2:54 | Create | Villager (Male) |
| 2:54 | Create | Villager (Male) |
| 2:59 | Create | Villager (Male) |
| 2:59 | Create | Villager (Male) |
| 4:09 | Create | Villager (Male) |
| 4:26 | Create | Villager (Male) |
| 4:50 | Build | Lumber Camp |
| 4:56 | Create | Villager (Male) |
| 5:20 | Build | House |
| 5:36 | Create | Villager (Male) |
| 5:50 | Build | House |
| 5:56 | Create | Villager (Male) |
| 6:39 | Create | Villager (Male) |
| 6:59 | Create | Villager (Male) |
| 7:20 | Create | Villager (Male) |
| 7:33 | Create | Villager (Male) |
| 7:50 | Build | Mill |
| 8:09 | Create | Villager (Male) |
| 8:26 | Create | Villager (Male) |
| 8:37 | Build | House |
| 8:49 | Create | Villager (Male) |
| 8:59 | Create | Villager (Male) |
| 9:00 | Create | Villager (Male) |
| 9:06 | Build | House |
| 9:10 | Build | House |
| 9:15 | Build | House |
| 9:42 | Create | Villager (Male) |
| 10:04 | Build | Mining Camp |
| 10:16 | Build | House |
| 10:19 | Build | Palisade Wall |
| 10:37 | Create | Villager (Male) |
| 11:21 | Research | Feudal Age |
| 12:47 | Create | Villager (Male) |
| 12:48 | Create | Villager (Male) |
| 13:31 | Age | Feudal Age |
| 13:34 | Build | Market |
| 13:40 | Build | Blacksmith |
| 14:26 | Research | Loom |
| 15:05 | Research | Castle Age |
| 15:34 | Build | House |
| 15:35 | Build | Palisade Wall |
| 15:38 | Build | Palisade Wall |
| 16:31 | Create | Villager (Male) |
| 16:32 | Create | Villager (Male) |
| 16:43 | Build | Palisade Wall |
| 16:52 | Build | Palisade Wall |
| 17:45 | Age | Castle Age |
| 17:50 | Build | Town Center |
| 17:55 | Research | Double-Bit Axe |
| 18:23 | Create | Villager (Male) |
| 18:37 | Build | Castle |
| 18:51 | Build | University |
| 18:53 | Research | Fletching |
| 18:55 | Research | Bow Saw |
| 18:56 | Create | Villager (Male) |
| 19:05 | Create | Villager (Male) |
| 19:22 | Create | Villager (Male) |
| 19:30 | Create | Villager (Male) |
| 19:37 | Create | Villager (Male) |
| 19:42 | Build | Farm |
| 20:00 | Create | Villager (Male) |
| 20:08 | Build | Palisade Gate |
| 20:10 | Build | House |
| 20:12 | Build | Palisade Wall |
| 20:14 | Create | Villager (Male) |
| 20:20 | Create | Villager (Male) |
| 20:20 | Create | Villager (Male) |
| 20:35 | Create | Villager (Male) |
| 20:46 | Create | Villager (Male) |
| 20:47 | Create | Villager (Male) |
| 20:53 | Create | Villager (Male) |
| 20:56 | Build | Town Center |
| 21:04 | Create | Camel Archer |
| 21:16 | Create | Villager (Male) |
| 21:17 | Create | Villager (Male) |
| 21:18 | Create | Villager (Male) |
| 21:36 | Create | Camel Archer |
| 21:38 | Create | Villager (Male) |
| 21:40 | Create | Villager (Male) |
| 21:44 | Create | Villager (Male) |
| 21:47 | Build | House |
| 21:49 | Build | House |
| 21:55 | Build | Palisade Wall |
| 22:02 | Create | Camel Archer |
| 22:09 | Create | Villager (Male) |
| 22:33 | Create | Villager (Male) |
| 22:33 | Create | Villager (Male) |
| 22:45 | Create | Villager (Male) |
| 22:47 | Create | Villager (Male) |
| 22:54 | Create | Camel Archer |
| 22:55 | Create | Camel Archer |
| 23:00 | Build | Farm |
| 23:03 | Create | Villager (Male) |
| 23:17 | Create | Villager (Male) |
| 23:20 | Build | Barracks |
| 23:25 | Create | Camel Archer |
| 23:32 | Create | Villager (Male) |
| 23:38 | Create | Villager (Male) |
| 23:52 | Create | Villager (Male) |
| 24:02 | Create | Villager (Male) |
| 24:05 | Create | Camel Archer |
| 24:05 | Create | Camel Archer |
| 24:16 | Build | Farm |
| 24:20 | Build | Archery Range |
| 24:22 | Create | Villager (Male) |
| 24:25 | Build | Stable |
| 24:27 | Create | Villager (Male) |
| 24:35 | Build | Mill |
| 24:35 | Create | Villager (Male) |
| 24:49 | Create | Camel Archer |
| 24:50 | Create | Villager (Male) |
| 25:01 | Create | Villager (Male) |
| 25:07 | Research | Ballistics |
| 25:22 | Create | Villager (Male) |
| 25:29 | Create | Villager (Male) |
| 25:31 | Build | House |
| 25:32 | Build | House |
| 25:32 | Build | House |
| 25:33 | Build | House |
| 25:35 | Create | Villager (Male) |
| 25:58 | Create | Villager (Male) |
| 26:04 | Create | Camel Archer |
| 26:04 | Create | Camel Archer |
| 26:12 | Build | Farm |
| 26:13 | Create | Villager (Male) |
| 26:15 | Build | Farm |
| 26:16 | Build | Farm |
| 26:18 | Create | Villager (Male) |
| 26:22 | Create | Villager (Male) |
| 26:38 | Create | Villager (Male) |
| 26:39 | Create | Villager (Male) |
| 26:53 | Research | Bodkin Arrow |
| 27:02 | Build | Town Center |
| 27:03 | Create | Villager (Male) |
| 27:07 | Create | Villager (Male) |
| 27:07 | Create | Villager (Male) |
| 27:09 | Create | Camel Archer |
| 27:09 | Create | Camel Archer |
| 27:16 | Build | Farm |
| 27:17 | Build | Farm |
| 27:20 | Create | Villager (Male) |
| 27:22 | Build | Farm |
| 27:24 | Create | Villager (Male) |
| 27:29 | Build | House |
| 27:45 | Create | Villager (Male) |
| 27:48 | Research | Husbandry |
| 27:49 | Research | Bloodlines |
Build order — KanSu
First 150 of 273 actions detected
| 0:05 | Build | Town Center |
| 2:06 | Build | House |
| 2:40 | Create | Villager (Male) |
| 2:40 | Create | Villager (Male) |
| 2:40 | Create | Villager (Male) |
| 2:54 | Create | Villager (Male) |
| 2:54 | Create | Villager (Male) |
| 4:11 | Create | Villager (Male) |
| 4:12 | Create | Villager (Male) |
| 4:39 | Create | Villager (Male) |
| 4:47 | Build | House |
| 5:00 | Create | Villager (Male) |
| 5:23 | Create | Villager (Male) |
| 5:23 | Create | Villager (Male) |
| 5:45 | Create | Villager (Male) |
| 5:45 | Create | Villager (Male) |
| 5:46 | Create | Villager (Male) |
| 6:02 | Create | Villager (Male) |
| 6:14 | Build | Lumber Camp |
| 6:15 | Create | Villager (Male) |
| 6:39 | Create | Villager (Male) |
| 6:39 | Create | Villager (Male) |
| 7:04 | Create | Villager (Male) |
| 7:04 | Create | Villager (Male) |
| 7:22 | Create | Villager (Male) |
| 7:22 | Create | Villager (Male) |
| 7:29 | Build | House |
| 7:41 | Research | Loom |
| 7:42 | Create | Villager (Male) |
| 7:43 | Create | Villager (Male) |
| 7:43 | Create | Villager (Male) |
| 7:43 | Create | Villager (Male) |
| 8:47 | Build | Mill |
| 9:02 | Build | House |
| 9:31 | Create | Villager (Male) |
| 9:46 | Create | Villager (Male) |
| 10:31 | Create | Villager (Male) |
| 10:32 | Research | Feudal Age |
| 11:01 | Build | Mining Camp |
| 12:13 | Build | Palisade Gate |
| 12:26 | Create | Villager (Male) |
| 12:27 | Create | Villager (Male) |
| 13:11 | Age | Feudal Age |
| 13:14 | Build | Market |
| 13:17 | Build | Blacksmith |
| 13:45 | Build | House |
| 14:18 | Research | Castle Age |
| 14:29 | Research | Double-Bit Axe |
| 14:33 | Build | Palisade Wall |
| 14:38 | Build | Palisade Gate |
| 14:57 | Build | Palisade Wall |
| 15:46 | Research | Fletching |
| 15:59 | Build | Barracks |
| 16:26 | Create | Villager (Male) |
| 16:26 | Create | Villager (Male) |
| 16:56 | Create | Spearman |
| 16:58 | Age | Castle Age |
| 17:04 | Build | Archery Range |
| 17:13 | Build | Palisade Wall |
| 17:15 | Build | Palisade Wall |
| 17:16 | Build | Palisade Wall |
| 17:19 | Build | Palisade Wall |
| 17:34 | Create | Unit 1952 |
| 17:35 | Create | Unit 1952 |
| 18:13 | Create | Villager (Male) |
| 18:31 | Create | Archer |
| 18:31 | Create | Archer |
| 18:56 | Create | Villager (Male) |
| 19:45 | Create | Villager (Male) |
| 20:03 | Create | Villager (Male) |
| 20:10 | Build | Palisade Wall |
| 21:09 | Create | Unit 1952 |
| 21:09 | Create | Unit 1952 |
| 21:48 | Create | Unit 1952 |
| 21:53 | Create | Villager (Male) |
| 21:54 | Create | Villager (Male) |
| 22:19 | Create | Unit 1952 |
| 22:20 | Create | Unit 1952 |
| 22:20 | Create | Unit 1952 |
| 22:56 | Create | Unit 1952 |
| 22:56 | Create | Unit 1952 |
| 23:21 | Create | Villager (Male) |
| 23:21 | Create | Villager (Male) |
| 23:36 | Build | Town Center |
| 24:26 | Create | Unit 1952 |
| 24:52 | Build | Mill |
| 25:02 | Research | Bodkin Arrow |
| 25:50 | Create | Unit 1952 |
| 25:50 | Create | Unit 1952 |
| 25:51 | Create | Villager (Male) |
| 25:51 | Create | Villager (Male) |
| 25:56 | Build | House |
| 26:21 | Build | House |
| 26:26 | Build | Siege Workshop |
| 26:38 | Create | Villager (Male) |
| 26:38 | Create | Villager (Male) |
| 26:57 | Create | Villager (Male) |
| 26:57 | Create | Villager (Male) |
| 27:04 | Build | House |
| 27:24 | Create | Villager (Male) |
| 27:24 | Create | Villager (Male) |
| 27:26 | Build | House |
| 27:27 | Create | Unit 1952 |
| 27:27 | Create | Unit 1952 |
| 27:36 | Create | Mangonel |
| 27:48 | Create | Villager (Male) |
| 27:49 | Create | Villager (Male) |
| 28:00 | Build | House |
| 28:11 | Create | Unit 1952 |
| 28:11 | Create | Unit 1952 |
| 28:22 | Create | Villager (Male) |
| 28:22 | Create | Villager (Male) |
| 28:34 | Build | House |
| 28:41 | Build | Mill |
| 29:31 | Create | Unit 1952 |
| 29:31 | Create | Unit 1952 |
| 29:31 | Create | Unit 1952 |
| 29:50 | Create | Villager (Male) |
| 29:50 | Create | Villager (Male) |
| 29:51 | Create | Unit 1952 |
| 29:52 | Create | Unit 1952 |
| 29:55 | Research | Padded Archer Armor |
| 30:13 | Create | Villager (Male) |
| 30:31 | Build | Stable |
| 30:52 | Create | Villager (Male) |
| 30:58 | Build | House |
| 30:59 | Build | House |
| 31:00 | Build | House |
| 31:08 | Create | Villager (Male) |
| 31:22 | Build | University |
| 31:33 | Create | Unit 1944 |
| 32:00 | Create | Villager (Male) |
| 32:01 | Create | Villager (Male) |
| 32:17 | Create | Unit 1952 |
| 32:17 | Create | Unit 1952 |
| 32:33 | Research | Ballistics |
| 33:01 | Create | Villager (Male) |
| 33:01 | Create | Villager (Male) |
| 33:04 | Build | House |
| 33:14 | Build | House |
| 33:15 | Build | House |
| 33:16 | Build | House |
| 33:16 | Build | House |
| 33:21 | Research | Bloodlines |
| 33:21 | Research | Husbandry |
| 33:42 | Create | Villager (Male) |
| 33:43 | Create | Villager (Male) |
| 33:57 | Build | Farm |
| 33:57 | Build | Farm |
| 33:57 | Build | Farm |
Build order — 花果山水簾洞美猴王齊天大聖孫悟空
First 150 of 340 actions detected
| 0:15 | Build | Town Center |
| 0:33 | Build | House |
| 2:43 | Create | Villager (Male) |
| 2:43 | Create | Villager (Male) |
| 2:43 | Create | Villager (Male) |
| 2:50 | Create | Villager (Male) |
| 3:21 | Build | Lumber Camp |
| 3:54 | Create | Villager (Male) |
| 3:54 | Create | Villager (Male) |
| 4:26 | Create | Villager (Male) |
| 4:28 | Build | House |
| 5:06 | Create | Villager (Male) |
| 5:12 | Build | Mill |
| 5:24 | Create | Villager (Male) |
| 5:47 | Create | Villager (Male) |
| 6:13 | Create | Villager (Male) |
| 6:15 | Create | Villager (Male) |
| 6:40 | Build | House |
| 6:44 | Build | House |
| 6:46 | Create | Villager (Male) |
| 6:46 | Create | Villager (Male) |
| 6:48 | Create | Villager (Male) |
| 6:48 | Create | Villager (Male) |
| 7:26 | Create | Villager (Male) |
| 8:05 | Create | Villager (Male) |
| 8:10 | Build | Mill |
| 8:12 | Create | Villager (Male) |
| 8:31 | Build | House |
| 9:20 | Create | Villager (Male) |
| 9:41 | Create | Villager (Male) |
| 9:47 | Create | Villager (Male) |
| 9:47 | Create | Villager (Male) |
| 10:16 | Create | Villager (Male) |
| 10:37 | Build | Mill |
| 10:58 | Create | Villager (Male) |
| 11:41 | Build | Mining Camp |
| 11:44 | Research | Feudal Age |
| 12:41 | Build | House |
| 13:13 | Build | Barracks |
| 13:49 | Create | Villager (Male) |
| 14:03 | Age | Feudal Age |
| 14:06 | Create | Villager (Male) |
| 14:15 | Build | Archery Range |
| 14:40 | Create | Villager (Male) |
| 14:50 | Research | Town Watch |
| 14:54 | Build | Blacksmith |
| 15:05 | Research | Double-Bit Axe |
| 15:17 | Create | Villager (Male) |
| 15:19 | Research | Castle Age |
| 15:20 | Research | Castle Age |
| 16:10 | Research | Fletching |
| 16:10 | Research | Padded Archer Armor |
| 16:26 | Build | Stable |
| 16:29 | Research | Gold Mining |
| 16:49 | Build | Archery Range |
| 17:01 | Create | Villager (Male) |
| 17:07 | Research | Bloodlines |
| 17:13 | Build | House |
| 17:59 | Age | Castle Age |
| 18:04 | Create | Cavalry Archer |
| 18:04 | Create | Cavalry Archer |
| 18:08 | Build | University |
| 18:16 | Research | Bow Saw |
| 18:16 | Research | Bow Saw |
| 18:22 | Create | Villager (Male) |
| 18:32 | Create | Villager (Male) |
| 18:42 | Create | Cavalry Archer |
| 18:43 | Create | Cavalry Archer |
| 18:43 | Create | Cavalry Archer |
| 18:51 | Create | Villager (Male) |
| 18:51 | Research | Loom |
| 19:07 | Build | House |
| 19:17 | Create | Cavalry Archer |
| 19:17 | Create | Cavalry Archer |
| 19:31 | Build | House |
| 19:34 | Create | Villager (Male) |
| 19:39 | Create | Archer |
| 19:39 | Create | Archer |
| 19:45 | Research | Bodkin Arrow |
| 19:45 | Research | Bodkin Arrow |
| 20:15 | Research | Ballistics |
| 20:15 | Research | Ballistics |
| 20:36 | Create | Villager (Male) |
| 20:50 | Create | Archer |
| 20:50 | Create | Villager (Male) |
| 20:54 | Create | Cavalry Archer |
| 20:54 | Create | Cavalry Archer |
| 21:06 | Create | Villager (Male) |
| 21:30 | Create | Cavalry Archer |
| 21:33 | Create | Villager (Male) |
| 21:38 | Create | Cavalry Archer |
| 21:38 | Create | Villager (Male) |
| 21:49 | Create | Villager (Male) |
| 21:56 | Build | House |
| 22:03 | Create | Villager (Male) |
| 22:19 | Create | Cavalry Archer ×3 |
| 22:19 | Create | Villager (Male) |
| 22:24 | Build | Town Center |
| 22:32 | Create | Villager (Male) |
| 22:44 | Create | Villager (Male) |
| 22:47 | Create | Villager (Male) |
| 22:50 | Create | Villager (Male) |
| 23:01 | Create | Villager (Male) |
| 23:05 | Create | Villager (Male) |
| 23:33 | Create | Cavalry Archer |
| 23:34 | Create | Cavalry Archer |
| 23:34 | Create | Cavalry Archer |
| 23:34 | Create | Villager (Male) |
| 23:34 | Create | Villager (Male) |
| 23:38 | Build | Farm |
| 23:38 | Build | Farm |
| 23:39 | Build | Farm |
| 23:39 | Build | Farm |
| 23:39 | Build | Farm |
| 24:19 | Create | Villager (Male) |
| 24:20 | Create | Villager (Male) |
| 24:28 | Create | Cavalry Archer |
| 24:29 | Create | Cavalry Archer |
| 24:29 | Create | Cavalry Archer |
| 24:32 | Create | Villager (Male) |
| 24:36 | Create | Cavalry Archer |
| 24:38 | Build | House |
| 24:39 | Build | House |
| 24:39 | Build | House |
| 24:39 | Build | House |
| 24:40 | Build | House |
| 24:40 | Build | House |
| 25:18 | Create | Villager (Male) |
| 25:50 | Research | Wheelbarrow |
| 25:50 | Research | Wheelbarrow |
| 25:56 | Build | Town Center |
| 26:00 | Create | Villager (Male) |
| 26:37 | Create | Cavalry Archer |
| 26:57 | Create | Villager (Male) |
| 26:57 | Create | Villager (Male) |
| 27:06 | Research | Horse Collar |
| 27:07 | Build | Farm |
| 27:08 | Build | Farm |
| 27:08 | Build | Farm |
| 27:08 | Build | Farm |
| 27:08 | Build | Farm |
| 27:08 | Build | Farm |
| 27:08 | Build | Farm |
| 27:09 | Build | Farm |
| 27:28 | Create | Villager (Male) |
| 27:28 | Create | Villager (Male) |
| 27:52 | Create | Villager (Male) |
| 28:04 | Create | Cavalry Archer ×5 |
| 28:05 | Create | Villager (Male) |
| 28:24 | Create | Villager (Male) |
Build order — 嗚
First 150 of 229 actions detected
| 0:11 | Build | Town Center |
| 0:34 | Build | Town Center |
| 2:47 | Research | Loom |
| 2:48 | Create | Villager (Male) |
| 2:51 | Build | House |
| 3:23 | Build | House |
| 3:30 | Create | Villager (Male) |
| 4:13 | Create | Villager (Male) |
| 4:13 | Create | Villager (Male) |
| 4:14 | Create | Villager (Male) |
| 4:14 | Create | Villager (Male) |
| 4:38 | Create | Villager (Male) |
| 4:38 | Create | Villager (Male) |
| 4:43 | Build | House |
| 5:13 | Create | Villager (Male) |
| 5:19 | Build | Lumber Camp |
| 5:51 | Create | Villager (Male) |
| 5:52 | Create | Villager (Male) |
| 6:44 | Create | Villager (Male) |
| 6:44 | Create | Villager (Male) |
| 6:46 | Create | Villager (Male) |
| 7:24 | Build | House |
| 7:31 | Create | Villager (Male) |
| 7:41 | Build | House |
| 7:53 | Build | House |
| 8:10 | Build | House |
| 8:19 | Create | Villager (Male) |
| 8:19 | Create | Villager (Male) |
| 8:57 | Create | Villager (Male) |
| 8:57 | Create | Villager (Male) |
| 9:11 | Build | Mill |
| 9:33 | Build | House |
| 9:42 | Create | Villager (Male) |
| 9:58 | Build | House |
| 10:20 | Create | Villager (Male) |
| 10:26 | Build | House |
| 10:51 | Research | Feudal Age |
| 10:52 | Research | Feudal Age |
| 11:52 | Build | Barracks |
| 12:17 | Create | Villager (Male) |
| 12:17 | Create | Villager (Male) |
| 13:04 | Age | Feudal Age |
| 13:06 | Build | Stable |
| 13:09 | Create | Villager (Male) |
| 13:11 | Research | Double-Bit Axe |
| 13:11 | Research | Double-Bit Axe |
| 13:30 | Build | House |
| 13:48 | Build | House |
| 13:49 | Create | Scout Cavalry |
| 13:49 | Create | Scout Cavalry |
| 14:06 | Create | Villager (Male) |
| 14:15 | Build | Stable |
| 14:18 | Create | Scout Cavalry |
| 14:39 | Build | Mill |
| 14:41 | Create | Villager (Male) |
| 14:44 | Create | Scout Cavalry |
| 14:49 | Build | House |
| 14:52 | Build | House |
| 14:54 | Create | Villager (Male) |
| 14:57 | Create | Scout Cavalry |
| 14:57 | Create | Scout Cavalry |
| 15:27 | Create | Scout Cavalry |
| 15:30 | Create | Villager (Male) |
| 15:38 | Build | Mill |
| 16:02 | Research | Bloodlines |
| 16:06 | Create | Villager (Male) |
| 16:09 | Create | Scout Cavalry |
| 16:10 | Create | Scout Cavalry |
| 16:28 | Build | House |
| 16:29 | Build | House |
| 16:46 | Create | Villager (Male) |
| 16:50 | Build | Blacksmith |
| 17:15 | Create | Villager (Male) |
| 17:18 | Create | Scout Cavalry |
| 17:18 | Create | Scout Cavalry |
| 17:20 | Create | Villager (Male) |
| 17:26 | Build | Lumber Camp |
| 17:31 | Build | House |
| 17:32 | Build | House |
| 17:54 | Research | Scale Barding Armor |
| 17:54 | Research | Scale Barding Armor |
| 18:16 | Create | Villager (Male) |
| 18:17 | Create | Scout Cavalry |
| 18:17 | Create | Scout Cavalry |
| 18:27 | Create | Villager (Male) |
| 18:44 | Create | Scout Cavalry |
| 18:45 | Create | Scout Cavalry |
| 18:53 | Create | Villager (Male) |
| 19:00 | Build | House |
| 19:01 | Build | House |
| 19:07 | Create | Scout Cavalry |
| 19:08 | Create | Scout Cavalry |
| 19:08 | Create | Scout Cavalry |
| 19:22 | Create | Villager (Male) |
| 19:50 | Build | Mill |
| 19:58 | Create | Villager (Male) |
| 20:00 | Create | Villager (Male) |
| 20:02 | Research | Town Watch |
| 20:02 | Research | Town Watch |
| 20:02 | Create | Villager (Male) |
| 20:16 | Build | House |
| 20:26 | Build | Lumber Camp |
| 20:56 | Create | Villager (Male) |
| 20:56 | Create | Villager (Male) |
| 22:08 | Create | Villager (Male) |
| 22:09 | Create | Villager (Male) |
| 22:31 | Build | Lumber Camp |
| 23:46 | Create | Villager (Male) |
| 23:46 | Create | Villager (Male) |
| 25:03 | Create | Villager (Male) |
| 25:04 | Create | Villager (Male) |
| 25:26 | Build | Mill |
| 25:27 | Build | Farm |
| 25:27 | Build | Farm |
| 25:27 | Build | Farm |
| 25:28 | Build | Farm |
| 25:28 | Build | Farm |
| 25:29 | Build | Farm |
| 25:29 | Build | Farm |
| 25:30 | Build | Farm |
| 25:30 | Build | Farm |
| 25:30 | Build | Farm |
| 25:43 | Create | Villager (Male) |
| 26:16 | Create | Villager (Male) |
| 26:29 | Create | Scout Cavalry |
| 26:29 | Create | Scout Cavalry |
| 26:31 | Create | Scout Cavalry |
| 26:36 | Build | Market |
| 26:39 | Create | Villager (Male) |
| 27:26 | Create | Scout Cavalry |
| 27:35 | Build | Farm |
| 27:35 | Build | Farm |
| 27:36 | Build | Farm |
| 27:38 | Build | Farm |
| 27:39 | Build | Farm |
| 27:40 | Build | Farm |
| 27:41 | Build | Farm |
| 27:47 | Create | Scout Cavalry |
| 27:57 | Build | Market |
| 28:30 | Create | Scout Cavalry |
| 28:48 | Create | Villager (Male) |
| 28:55 | Create | Scout Cavalry |
| 29:09 | Create | Scout Cavalry |
| 29:10 | Create | Scout Cavalry |
| 29:10 | Create | Scout Cavalry |
| 29:10 | Create | Scout Cavalry |
| 29:11 | Create | Villager (Male) |
| 29:34 | Create | Villager (Male) |
| 30:11 | Create | Scout Cavalry |
| 30:11 | Create | Scout Cavalry |
Build order — P0rr1dg3
First 150 of 391 actions detected
| 0:35 | Build | Town Center |
| 1:25 | Build | House |
| 2:42 | Create | Villager (Male) |
| 2:43 | Create | Villager (Male) |
| 2:43 | Create | Villager (Male) |
| 2:43 | Create | Villager (Male) |
| 2:43 | Create | Villager (Male) |
| 3:19 | Create | Villager (Male) |
| 3:58 | Create | Villager (Male) |
| 4:17 | Build | House |
| 4:30 | Create | Villager (Male) |
| 5:25 | Build | House |
| 5:34 | Build | House |
| 5:39 | Create | Villager (Male) |
| 5:39 | Create | Villager (Male) |
| 5:57 | Create | Villager (Male) |
| 5:58 | Create | Villager (Male) |
| 6:00 | Create | Villager (Male) |
| 6:26 | Create | Villager (Male) |
| 6:42 | Create | Villager (Male) |
| 6:54 | Build | House |
| 7:23 | Build | Lumber Camp |
| 7:33 | Create | Villager (Male) |
| 8:10 | Create | Villager (Male) |
| 8:38 | Create | Villager (Male) |
| 8:57 | Build | House |
| 9:21 | Research | Loom |
| 9:21 | Research | Loom |
| 9:21 | Research | Loom |
| 9:36 | Build | Mining Camp |
| 9:49 | Create | Villager (Male) |
| 10:21 | Research | Feudal Age |
| 10:21 | Research | Feudal Age |
| 10:45 | Build | Mill |
| 11:04 | Build | Barracks |
| 12:11 | Create | Villager (Male) |
| 12:13 | Create | Villager (Male) |
| 12:31 | Age | Feudal Age |
| 12:40 | Build | Archery Range |
| 13:04 | Build | Blacksmith |
| 13:20 | Create | Villager (Male) |
| 13:46 | Create | Villager (Male) |
| 13:48 | Create | Archer |
| 13:51 | Build | House |
| 13:54 | Research | Fletching |
| 14:03 | Create | Villager (Male) |
| 14:10 | Research | Town Watch |
| 14:11 | Research | Town Watch |
| 14:11 | Research | Town Watch |
| 14:18 | Create | Archer |
| 14:27 | Build | Outpost |
| 14:33 | Create | Villager (Male) |
| 14:52 | Create | Villager (Male) |
| 14:56 | Research | Double-Bit Axe |
| 14:59 | Create | Archer |
| 15:05 | Create | Spearman |
| 15:26 | Build | Palisade Wall |
| 15:26 | Build | Palisade Wall |
| 15:28 | Build | Palisade Wall |
| 15:29 | Build | Palisade Wall |
| 15:30 | Build | Palisade Wall |
| 15:31 | Build | Palisade Wall |
| 15:36 | Create | Archer |
| 15:38 | Create | Villager (Male) |
| 15:43 | Create | Spearman |
| 15:58 | Build | Mill |
| 16:04 | Create | Archer |
| 16:10 | Research | Wheelbarrow |
| 16:10 | Research | Wheelbarrow |
| 16:10 | Research | Wheelbarrow |
| 16:28 | Create | Villager (Male) |
| 16:30 | Create | Archer |
| 16:35 | Build | House |
| 16:57 | Create | Archer |
| 17:07 | Create | Archer |
| 17:16 | Create | Villager (Male) |
| 17:36 | Create | Villager (Male) |
| 17:47 | Build | Archery Range |
| 17:56 | Build | Mill |
| 18:04 | Build | House |
| 18:05 | Build | House |
| 18:17 | Create | Archer |
| 18:19 | Create | Spearman |
| 18:38 | Build | Palisade Gate |
| 18:40 | Build | House |
| 18:44 | Build | House |
| 18:49 | Build | House |
| 18:50 | Build | House |
| 18:52 | Build | House |
| 18:53 | Build | Palisade Wall |
| 18:54 | Build | Palisade Wall |
| 18:55 | Create | Archer |
| 18:57 | Create | Villager (Male) |
| 18:59 | Build | House |
| 19:07 | Create | Archer |
| 19:10 | Create | Archer |
| 19:20 | Build | House |
| 19:22 | Build | House |
| 19:30 | Create | Villager (Male) |
| 19:43 | Create | Villager (Male) |
| 19:44 | Create | Spearman |
| 19:51 | Create | Villager (Male) |
| 20:13 | Create | Spearman |
| 20:27 | Build | House |
| 20:41 | Create | Villager (Male) |
| 20:43 | Create | Villager (Male) |
| 20:49 | Create | Villager (Male) |
| 21:07 | Create | Villager (Male) |
| 21:11 | Build | Mining Camp |
| 21:26 | Create | Archer |
| 21:29 | Create | Villager (Male) |
| 21:45 | Create | Villager (Male) |
| 21:54 | Build | Mill |
| 21:59 | Create | Villager (Male) |
| 22:23 | Create | Villager (Male) |
| 22:44 | Create | Villager (Male) |
| 22:44 | Create | Spearman |
| 22:45 | Create | Spearman |
| 23:08 | Create | Villager (Male) |
| 23:10 | Build | Mining Camp |
| 23:18 | Create | Archer |
| 23:18 | Create | Archer |
| 23:59 | Create | Spearman |
| 24:01 | Create | Villager (Male) |
| 24:02 | Create | Archer |
| 24:15 | Build | Palisade Gate |
| 24:30 | Create | Archer |
| 24:30 | Create | Archer |
| 24:31 | Create | Archer |
| 24:31 | Create | Archer |
| 24:40 | Create | Archer |
| 24:49 | Create | Villager (Male) |
| 24:50 | Create | Archer |
| 24:57 | Build | Mill |
| 25:11 | Build | Market |
| 25:13 | Build | House |
| 25:17 | Create | Villager (Male) |
| 25:26 | Create | Spearman |
| 25:36 | Build | Mill |
| 25:48 | Build | Outpost |
| 25:49 | Build | Outpost |
| 25:50 | Build | Outpost |
| 25:51 | Create | Villager (Male) |
| 25:57 | Build | Mining Camp |
| 26:01 | Build | Mining Camp |
| 26:40 | Create | Villager (Male) |
| 26:40 | Create | Villager (Male) |
| 26:55 | Build | Outpost |
| 27:04 | Build | House |
| 27:05 | Create | Villager (Male) |
Build order — [SotC] Astronomical
First 150 of 477 actions detected
| 0:21 | Build | Town Center |
| 0:28 | Build | Lumber Camp |
| 0:41 | Build | House |
| 0:42 | Build | Palisade Wall |
| 2:30 | Create | Villager (Male) |
| 2:31 | Create | Villager (Male) |
| 2:31 | Create | Villager (Male) |
| 2:31 | Create | Villager (Male) |
| 2:32 | Create | Villager (Male) |
| 4:09 | Build | House |
| 4:21 | Create | Villager (Male) |
| 4:46 | Create | Villager (Male) |
| 5:09 | Create | Villager (Male) |
| 5:30 | Create | Villager (Male) |
| 6:03 | Create | Villager (Male) |
| 6:25 | Create | Villager (Male) |
| 6:39 | Create | Villager (Male) |
| 6:46 | Build | House |
| 7:03 | Create | Villager (Male) |
| 7:14 | Research | Loom |
| 7:40 | Create | Villager (Male) |
| 7:41 | Create | Villager (Male) |
| 8:02 | Create | Villager (Male) |
| 8:10 | Build | Lumber Camp |
| 8:34 | Build | Dock |
| 8:37 | Create | Villager (Male) |
| 8:43 | Build | House |
| 9:01 | Create | Villager (Male) |
| 9:13 | Create | Fishing Ship |
| 9:22 | Create | Fishing Ship |
| 9:22 | Create | Fishing Ship |
| 9:27 | Create | Villager (Male) |
| 9:32 | Build | House |
| 10:01 | Create | Villager (Male) |
| 10:05 | Build | Mining Camp |
| 10:34 | Create | Villager (Male) |
| 11:04 | Research | Feudal Age |
| 11:13 | Create | Fishing Ship |
| 11:53 | Create | Fishing Ship |
| 11:59 | Build | Barracks |
| 12:06 | Build | Palisade Wall |
| 12:08 | Build | Palisade Wall |
| 12:09 | Build | Palisade Wall |
| 12:32 | Build | House |
| 12:35 | Build | Palisade Wall |
| 12:44 | Build | Palisade Gate |
| 12:54 | Build | House |
| 12:57 | Build | Palisade Wall |
| 13:07 | Age | Feudal Age |
| 13:13 | Build | Stable |
| 13:15 | Create | Villager (Male) |
| 13:35 | Build | Blacksmith |
| 13:37 | Create | Villager (Male) |
| 14:00 | Build | Palisade Wall |
| 14:02 | Build | Palisade Wall |
| 14:03 | Build | Palisade Wall |
| 14:03 | Build | Palisade Wall |
| 14:07 | Build | Palisade Wall |
| 14:08 | Build | Palisade Wall |
| 14:10 | Build | Palisade Wall |
| 14:11 | Build | Palisade Wall |
| 14:14 | Create | Villager (Male) |
| 14:20 | Build | House |
| 14:34 | Create | Villager (Male) |
| 14:52 | Build | Mill |
| 15:00 | Create | Villager (Male) |
| 15:02 | Build | House |
| 15:24 | Create | Villager (Male) |
| 15:27 | Build | Market |
| 15:42 | Build | House |
| 15:46 | Create | Villager (Male) |
| 15:53 | Build | Palisade Wall |
| 16:27 | Research | Castle Age |
| 16:49 | Research | Tech 906 |
| 17:12 | Create | Fishing Ship |
| 17:44 | Research | Double-Bit Axe |
| 17:53 | Build | Fish Trap |
| 17:55 | Create | Fishing Ship |
| 18:04 | Build | Dock |
| 18:13 | Create | Villager (Male) |
| 18:22 | Build | Fish Trap |
| 18:29 | Build | Fish Trap |
| 18:37 | Build | Fish Trap |
| 18:45 | Create | Fishing Ship |
| 18:48 | Create | Villager (Male) |
| 18:53 | Age | Castle Age |
| 18:59 | Build | Town Center |
| 19:05 | Create | Fishing Ship |
| 19:28 | Build | Fish Trap |
| 19:36 | Create | Fishing Ship |
| 19:38 | Create | Villager (Male) |
| 19:42 | Create | Knight |
| 19:57 | Build | House |
| 19:58 | Build | House |
| 20:04 | Build | Fish Trap |
| 20:07 | Build | Fish Trap |
| 20:10 | Create | Villager (Male) |
| 20:12 | Create | Villager (Male) |
| 20:12 | Create | Villager (Male) |
| 20:17 | Build | Fish Trap |
| 20:40 | Create | Villager (Male) |
| 20:52 | Research | Fletching |
| 20:57 | Build | Siege Workshop |
| 21:06 | Build | House |
| 21:09 | Create | Fishing Ship |
| 21:12 | Create | Villager (Male) |
| 21:13 | Create | Villager (Male) |
| 21:13 | Create | Villager (Male) |
| 21:22 | Build | House |
| 21:29 | Build | Lumber Camp |
| 21:34 | Create | Villager (Male) |
| 21:40 | Create | Fishing Ship |
| 21:44 | Build | Outpost |
| 21:54 | Build | Mining Camp |
| 21:58 | Build | Mining Camp |
| 22:00 | Create | Villager (Male) |
| 22:03 | Create | Villager (Male) |
| 22:06 | Create | Scorpion |
| 22:17 | Research | Bow Saw |
| 22:19 | Build | Outpost |
| 22:35 | Create | Scorpion |
| 22:36 | Create | Villager (Male) |
| 22:36 | Create | Villager (Male) |
| 22:39 | Create | Fishing Ship |
| 22:59 | Build | Outpost |
| 23:00 | Build | Outpost |
| 23:05 | Create | Villager (Male) |
| 23:06 | Create | Villager (Male) |
| 23:06 | Create | Villager (Male) |
| 23:19 | Build | Town Center |
| 23:27 | Create | Villager (Male) |
| 23:34 | Create | Fishing Ship |
| 23:38 | Research | Gillnets |
| 23:49 | Research | Wheelbarrow |
| 24:04 | Create | Villager (Male) |
| 24:04 | Create | Villager (Male) |
| 24:08 | Create | Fishing Ship |
| 24:14 | Build | Town Center |
| 24:34 | Create | Villager (Male) |
| 24:35 | Create | Villager (Male) |
| 24:42 | Create | Villager (Male) |
| 24:43 | Create | Villager (Male) |
| 24:51 | Build | Farm |
| 24:52 | Create | Villager (Male) |
| 24:56 | Build | Farm |
| 24:56 | Build | Farm |
| 24:56 | Build | Farm |
| 24:56 | Build | Farm |
| 24:56 | Build | Farm |
| 24:58 | Research | Horse Collar |
Build order — 歪歪
First 150 of 471 actions detected
| 1:19 | Build | Town Center |
| 2:38 | Build | House |
| 3:14 | Create | Villager (Male) |
| 3:14 | Create | Villager (Male) |
| 3:14 | Create | Villager (Male) |
| 3:15 | Create | Villager (Male) |
| 3:26 | Build | House |
| 4:06 | Create | Villager (Male) |
| 4:06 | Create | Villager (Male) |
| 4:44 | Create | Villager (Male) |
| 4:55 | Create | Villager (Male) |
| 4:55 | Create | Villager (Male) |
| 4:59 | Build | Lumber Camp |
| 5:12 | Create | Villager (Male) |
| 5:13 | Create | Villager (Male) |
| 5:46 | Create | Villager (Male) |
| 5:46 | Create | Villager (Male) |
| 5:46 | Create | Villager (Male) |
| 5:47 | Create | Villager (Male) |
| 6:18 | Create | Villager (Male) |
| 6:18 | Create | Villager (Male) |
| 6:26 | Build | House |
| 7:04 | Build | Mill |
| 7:06 | Create | Villager (Male) |
| 7:06 | Create | Villager (Male) |
| 7:34 | Create | Villager (Male) |
| 7:34 | Create | Villager (Male) |
| 8:01 | Build | Dock |
| 8:17 | Create | Villager (Male) |
| 8:18 | Create | Villager (Male) |
| 8:24 | Build | House |
| 8:42 | Create | Villager (Male) |
| 8:42 | Create | Villager (Male) |
| 8:50 | Create | Fishing Ship |
| 9:13 | Research | Loom |
| 9:13 | Research | Loom |
| 9:14 | Create | Fishing Ship |
| 9:17 | Build | House |
| 9:42 | Create | Fishing Ship |
| 9:57 | Create | Villager (Male) |
| 9:57 | Create | Villager (Male) |
| 9:58 | Create | Villager (Male) |
| 10:21 | Create | Fishing Ship |
| 10:22 | Create | Villager (Male) |
| 10:45 | Create | Fishing Ship |
| 11:00 | Create | Fishing Ship |
| 11:08 | Build | House |
| 11:16 | Create | Villager (Male) |
| 11:16 | Create | Villager (Male) |
| 11:17 | Create | Villager (Male) |
| 12:02 | Create | Villager (Male) |
| 12:44 | Build | Mill |
| 12:49 | Build | Mining Camp |
| 12:50 | Research | Feudal Age |
| 12:50 | Research | Feudal Age |
| 13:29 | Build | Lumber Camp |
| 13:39 | Build | Palisade Wall |
| 13:41 | Build | Palisade Wall |
| 15:00 | Age | Feudal Age |
| 15:03 | Build | Market |
| 15:06 | Create | Villager (Male) |
| 15:10 | Create | Villager (Male) |
| 15:38 | Build | Blacksmith |
| 15:56 | Create | Villager (Male) |
| 16:20 | Research | Castle Age |
| 16:20 | Research | Castle Age |
| 16:20 | Research | Castle Age |
| 16:35 | Build | Palisade Wall |
| 16:36 | Build | Palisade Wall |
| 16:40 | Build | Palisade Wall |
| 17:00 | Build | Lumber Camp |
| 17:04 | Build | Palisade Wall |
| 17:14 | Build | Palisade Gate |
| 17:16 | Build | House |
| 17:18 | Build | Palisade Wall |
| 17:21 | Build | Palisade Wall |
| 17:38 | Research | Double-Bit Axe |
| 18:00 | Build | Palisade Wall |
| 18:01 | Build | Palisade Wall |
| 18:09 | Build | House |
| 18:31 | Build | Fish Trap |
| 18:50 | Build | Fish Trap |
| 19:01 | Age | Castle Age |
| 19:16 | Build | Castle |
| 19:21 | Build | Fish Trap |
| 19:23 | Create | Villager (Male) |
| 19:40 | Research | Bow Saw |
| 19:42 | Create | Villager (Male) |
| 19:43 | Create | Villager (Male) |
| 19:50 | Create | Villager (Male) |
| 19:59 | Build | Fish Trap |
| 20:07 | Create | Villager (Male) |
| 20:21 | Build | Fish Trap |
| 20:28 | Research | Fletching |
| 20:28 | Research | Fletching |
| 20:43 | Create | Plumed Archer |
| 20:54 | Build | Fish Trap |
| 20:59 | Create | Plumed Archer |
| 21:00 | Create | Villager (Male) |
| 21:13 | Create | Villager (Male) |
| 21:29 | Research | Bodkin Arrow |
| 21:30 | Research | Bodkin Arrow |
| 21:30 | Create | Plumed Archer |
| 21:30 | Create | Plumed Archer |
| 21:31 | Create | Plumed Archer |
| 21:56 | Build | Town Center |
| 22:11 | Create | Villager (Male) |
| 22:12 | Create | Villager (Male) |
| 22:12 | Create | Villager (Male) |
| 22:20 | Create | Plumed Archer |
| 22:20 | Create | Plumed Archer |
| 22:20 | Create | Plumed Archer |
| 22:28 | Create | Villager (Male) |
| 22:58 | Create | Plumed Archer |
| 22:58 | Create | Plumed Archer |
| 23:00 | Create | Villager (Male) |
| 23:00 | Create | Villager (Male) |
| 23:21 | Build | Dock |
| 23:34 | Create | Villager (Male) |
| 23:45 | Create | Plumed Archer |
| 23:50 | Create | Villager (Male) |
| 23:56 | Create | Villager (Male) |
| 23:59 | Create | Plumed Archer |
| 24:10 | Create | Villager (Male) |
| 24:19 | Create | Plumed Archer |
| 24:28 | Create | Fishing Ship |
| 24:29 | Create | Fishing Ship |
| 24:33 | Create | Fishing Ship |
| 24:33 | Create | Fishing Ship |
| 24:35 | Build | House |
| 24:36 | Build | House |
| 24:37 | Create | Villager (Male) |
| 24:39 | Build | Farm |
| 24:45 | Build | Siege Workshop |
| 24:48 | Create | Plumed Archer |
| 24:59 | Create | Plumed Archer |
| 25:02 | Create | Villager (Male) |
| 25:10 | Build | Town Center |
| 25:20 | Build | Fish Trap |
| 25:21 | Create | Fishing Ship |
| 25:22 | Create | Fishing Ship |
| 25:24 | Create | Villager (Male) |
| 25:25 | Create | Fishing Ship |
| 25:52 | Create | Plumed Archer |
| 25:53 | Create | Plumed Archer |
| 25:53 | Create | Plumed Archer |
| 26:06 | Create | Villager (Male) |
| 26:06 | Create | Villager (Male) |
| 26:09 | Build | Fish Trap |
| 26:15 | Create | Plumed Archer |
Match timeline
| 0:42 | [SotC] Astronomical · wall_segment Palisade Wall x1 |
| 8:01 | 歪歪 · first_building Dock |
| 8:34 | [SotC] Astronomical · first_building Dock |
| 10:19 | HKC · wall_segment Palisade Wall x7 |
| 11:04 | P0rr1dg3 · first_building Barracks |
| 11:52 | 嗚 · first_building Barracks |
| 11:54 | BomBomB1 · first_building Barracks |
| 11:59 | [SotC] Astronomical · first_building Barracks |
| 12:06 | [SotC] Astronomical · wall_segment Palisade Wall x3 |
| 12:08 | [SotC] Astronomical · wall_segment Palisade Wall x1 |
| 12:09 | [SotC] Astronomical · wall_segment Palisade Wall x1 |
| 12:31 | P0rr1dg3 · age_up feudal |
| 12:35 | [SotC] Astronomical · wall_segment Palisade Wall x5 |
| 12:40 | P0rr1dg3 · first_building Archery Range |
| 12:57 | [SotC] Astronomical · wall_segment Palisade Wall x10 |
| 13:04 | 嗚 · age_up feudal |
| 13:06 | 嗚 · first_building Stable |
| 13:07 | [SotC] Astronomical · age_up feudal |
| 13:11 | KanSu · age_up feudal |
| 13:13 | 花果山水簾洞美猴王齊天大聖孫悟空 · first_building Barracks |
| 13:13 | [SotC] Astronomical · first_building Stable |
| 13:21 | BomBomB1 · age_up feudal |
| 13:29 | BomBomB1 · first_building Stable |
| 13:31 | HKC · age_up feudal |
| 13:39 | 歪歪 · wall_segment Palisade Wall x1 |
| 13:41 | 歪歪 · wall_segment Palisade Wall x1 |
| 14:00 | [SotC] Astronomical · wall_segment Palisade Wall x1 |
| 14:02 | [SotC] Astronomical · wall_segment Palisade Wall x1 |
| 14:03 | [SotC] Astronomical · wall_segment Palisade Wall x1 |
| 14:03 | [SotC] Astronomical · wall_segment Palisade Wall x1 |
| 14:03 | 花果山水簾洞美猴王齊天大聖孫悟空 · age_up feudal |
| 14:07 | [SotC] Astronomical · wall_segment Palisade Wall x1 |
| 14:08 | [SotC] Astronomical · wall_segment Palisade Wall x1 |
| 14:10 | [SotC] Astronomical · wall_segment Palisade Wall x1 |
| 14:11 | [SotC] Astronomical · wall_segment Palisade Wall x1 |
| 14:15 | 花果山水簾洞美猴王齊天大聖孫悟空 · first_building Archery Range |
| 14:18 | KanSu · first_market_sell 100 wood |
| 14:33 | KanSu · wall_segment Palisade Wall x1 |
| 14:50 | BomBomB1 · wall_segment Palisade Wall x3 |
| 14:56 | BomBomB1 · wall_segment Palisade Wall x3 |
| 14:57 | KanSu · wall_segment Palisade Wall x2 |
| 15:00 | 歪歪 · age_up feudal |
| 15:07 | BomBomB1 · wall_segment Palisade Wall x6 |
| 15:26 | P0rr1dg3 · wall_segment Palisade Wall x1 |
| 15:26 | P0rr1dg3 · wall_segment Palisade Wall x1 |
| 15:28 | P0rr1dg3 · wall_segment Palisade Wall x1 |
| 15:29 | P0rr1dg3 · wall_segment Palisade Wall x2 |
| 15:30 | P0rr1dg3 · wall_segment Palisade Wall x1 |
| 15:31 | P0rr1dg3 · wall_segment Palisade Wall x1 |
| 15:35 | HKC · wall_segment Palisade Wall x4 |
| 15:38 | HKC · wall_segment Palisade Wall x3 |
| 15:53 | [SotC] Astronomical · wall_segment Palisade Wall x1 |
| 15:59 | KanSu · first_building Barracks |
| 16:15 | [SotC] Astronomical · first_market_buy 100 food |
| 16:26 | 花果山水簾洞美猴王齊天大聖孫悟空 · first_building Stable |
| 16:35 | 歪歪 · wall_segment Palisade Wall x1 |
| 16:36 | 歪歪 · wall_segment Palisade Wall x1 |
| 16:40 | 歪歪 · wall_segment Palisade Wall x6 |
| 16:43 | HKC · wall_segment Palisade Wall x1 |
| 16:52 | HKC · wall_segment Palisade Wall x7 |
| 16:58 | KanSu · age_up castle |
| 17:04 | KanSu · first_building Archery Range |
| 17:04 | 歪歪 · wall_segment Palisade Wall x1 |
| 17:13 | KanSu · wall_segment Palisade Wall x1 |
| 17:15 | KanSu · wall_segment Palisade Wall x1 |
| 17:16 | KanSu · wall_segment Palisade Wall x1 |
| 17:18 | 歪歪 · wall_segment Palisade Wall x1 |
| 17:19 | KanSu · wall_segment Palisade Wall x1 |
| 17:21 | 歪歪 · wall_segment Palisade Wall x1 |
| 17:45 | HKC · age_up castle |
| 17:59 | 花果山水簾洞美猴王齊天大聖孫悟空 · age_up castle |
| 18:00 | 歪歪 · wall_segment Palisade Wall x2 |
| 18:01 | 歪歪 · wall_segment Palisade Wall x4 |
| 18:37 | HKC · first_building Castle |
| 18:53 | [SotC] Astronomical · age_up castle |
| 18:53 | P0rr1dg3 · wall_segment Palisade Wall x1 |
| 18:54 | P0rr1dg3 · wall_segment Palisade Wall x1 |
| 19:01 | 歪歪 · age_up castle |
| 19:16 | 歪歪 · first_building Castle |
| 19:45 | KanSu · first_market_buy 100 food |
| 20:10 | KanSu · wall_segment Palisade Wall x1 |
| 20:12 | HKC · wall_segment Palisade Wall x5 |
| 20:19 | HKC · first_market_buy 100 food |
| 20:57 | [SotC] Astronomical · first_building Siege Workshop |
| 21:55 | HKC · wall_segment Palisade Wall x1 |
| 23:20 | HKC · first_building Barracks |
| 24:20 | HKC · first_building Archery Range |
| 24:25 | HKC · first_building Stable |
| 24:45 | 歪歪 · first_building Siege Workshop |
| 24:53 | BomBomB1 · first_market_sell 500 wood |
| 24:53 | BomBomB1 · first_market_buy 100 food |
| 26:26 | KanSu · first_building Siege Workshop |
| 27:26 | [SotC] Astronomical · first_building Monastery |
| 27:34 | BomBomB1 · age_up castle |
| 28:20 | BomBomB1 · first_building Castle |
| 28:40 | [SotC] Astronomical · first_building Castle |
| 28:41 | P0rr1dg3 · first_market_buy 100 food |
| 29:05 | 嗚 · first_market_buy 100 food |
| 30:31 | KanSu · first_building Stable |
| 32:16 | [SotC] Astronomical · age_up imperial |
| 33:02 | P0rr1dg3 · age_up castle |
| 33:28 | P0rr1dg3 · first_building Castle |
| 33:37 | 歪歪 · first_market_buy 100 food |
| 34:21 | P0rr1dg3 · wall_segment Palisade Wall x1 |
| 34:22 | P0rr1dg3 · wall_segment Palisade Wall x1 |
| 34:23 | P0rr1dg3 · wall_segment Palisade Wall x1 |
| 34:25 | P0rr1dg3 · wall_segment Palisade Wall x1 |
| 34:32 | P0rr1dg3 · wall_segment Palisade Wall x1 |
| 34:42 | P0rr1dg3 · wall_segment Palisade Wall x1 |
| 35:26 | 花果山水簾洞美猴王齊天大聖孫悟空 · first_building Castle |
| 35:26 | [SotC] Astronomical · first_market_sell 500 wood |
| 35:37 | 歪歪 · first_building Barracks |
| 36:43 | P0rr1dg3 · first_building Stable |
| 37:05 | 歪歪 · age_up imperial |
| 37:47 | 歪歪 · first_market_sell 100 stone |
| 38:30 | HKC · age_up imperial |
| 38:37 | HKC · first_market_sell 100 food |
| 39:26 | 嗚 · age_up castle |
| 40:51 | [SotC] Astronomical · first_building Archery Range |
| 41:26 | KanSu · wall_segment Palisade Wall x1 |
| 41:28 | KanSu · wall_segment Palisade Wall x1 |
| 42:04 | 歪歪 · first_building Archery Range |
| 42:12 | HKC · first_building Siege Workshop |
| 42:35 | P0rr1dg3 · first_building Monastery |
| 43:05 | HKC · tribute_sent a jugador 2 |
| 43:05 | HKC · tribute_sent a jugador 3 |
| 43:05 | HKC · tribute_sent a jugador 4 |
| 43:05 | HKC · tribute_sent a jugador 5 |
| 43:05 | HKC · tribute_sent a jugador 6 |
| 43:05 | HKC · tribute_sent a jugador 7 |
| 43:05 | HKC · tribute_sent a jugador 8 |
| 43:34 | P0rr1dg3 · first_market_sell 100 wood |
| 43:38 | KanSu · first_building Castle |
| 44:45 | BomBomB1 · first_building Siege Workshop |
| 44:50 | 花果山水簾洞美猴王齊天大聖孫悟空 · first_building Monastery |
| 45:23 | HKC · tribute_sent a jugador 2 |
| 45:23 | HKC · tribute_sent a jugador 3 |
| 45:23 | HKC · tribute_sent a jugador 4 |
| 45:23 | HKC · tribute_sent a jugador 5 |
| 45:23 | HKC · tribute_sent a jugador 6 |
| 45:23 | HKC · tribute_sent a jugador 7 |
| 45:23 | HKC · tribute_sent a jugador 8 |
| 45:24 | 歪歪 · resign |
[ AI ANALYSIS · 1 CREDIT ]
What really happened in this match?
Wolo.gg analyzes every decision: build order, eco, micro, common mistakes by bracket. Personalized analysis on WhatsApp or Discord in 30 seconds.
Civ guide
Huns
Perfil
Jugador #9869719